 Dungeon Crawl Stone Soup version 0.30-a0-134-gb40fab5c76 (webtiles) character file.

Game seed: 16366529073500449504

136 IdlyInterested the Conjurer (level 4, 0/49 HPs)
             Began as a Demonspawn Wanderer on Sept 19, 2022.
             Slain by a gnoll
             ... wielding a +0 club
              (4 damage)
             ... on level 2 of the Dungeon.
             The game lasted 00:09:40 (2186 turns).

IdlyInterested the Conjurer (Demonspawn Wanderer)   Turns: 2186, Time: 00:09:41

Health: 0/49       AC: 22    Str: 10    XL:     4   Next: 98%
Magic:  5/8        EV:  2    Int: 21    God:
Gold:   50         SH:  0    Dex:  9    Spells: 8/9 levels left

rFire   . . .      SeeInvis .    j - +0 short sword
rCold   . . .      Faith    .    (no shield)
rNeg    . . .      Spirit   .    (body armour currently unavailable)
rPois   +          Reflect  .    (helmet currently unavailable)
rElec   .          Harm     .    (cloak currently unavailable)
rCorr   .          Rampage  .    (gloves currently unavailable)
Will    .....      NoTele   +    (boots currently unavailable)
Stlth   ++........               (no amulet)
HPRegen 0.16/turn                (no ring)
MPRegen 0.22/turn                (no ring)

@: brilliant, tree-form, attractive, hasted, very quick
A: stationary, stasis, torment immunity, boosted hp, magic regeneration
a: no special abilities


You were on level 2 of the Dungeon.
You were a tree.
You visited 1 branch of the dungeon, and saw 2 of its levels.

You collected 50 gold pieces.

Inventory:

Hand Weapons
 g - a +0 dagger
 j - a +0 short sword (weapon)
 o - a +0 spear
 v - a +0 whip
Missiles
 b - 4 curare-tipped darts
 m - 6 datura-tipped darts
Armour
 c - a +0 robe
 d - a +1 pair of boots (melded)
 f - a +0 leather armour (melded)
 u - a +0 ring mail
Scrolls
 e - a scroll of teleportation
 k - a scroll of amnesia
 s - a scroll of enchant armour
Potions
 h - a potion of magic
 r - a potion of brilliance


   Skills:
 + Level 2.2 Fighting
 + Level 0.2 Throwing
 - Level 1.0 Armour
 - Level 1.0 Dodging
 - Level 2.0 Stealth
 * Level 3.1 Spellcasting
 * Level 3.4 Conjurations
 - Level 1.7 Air Magic


You had 8 spell levels left.
You knew the following spells:

 Your Spells              Type           Power      Damage    Failure   Level
a - Magic Dart            Conj           100%       1d8       3%          1

Your spell library contained the following spells:

 Spells                   Type           Power      Damage    Failure   Level
 Shock                    Conj/Air       84%        1d8       4%          1
 Poisonous Vapours        Pois/Air       20%        N/A       14%         2
 Cigotuvi's Dreadful Rot  Necr/Pois/Air  16%        N/A       16%         2
 Dazzling Flash           Conj/Hex       30%        N/A       19%         3
 Stone Arrow              Conj/Erth      30%        3d8       19%         3
 Swiftness                Air            16%        N/A       19%         3
 Confusing Touch          Hex            4%         N/A       36%         3
 Portal Projectile        Hex/Tloc       8%         N/A       36%         3
 Tukima's Dance           Hex            4%         N/A       36%         3
 Flame Wave               Conj/Fire      15%        2d7       54%         4
 Animate Armour           Summ/Erth      8%         N/A       78%         4
 Blade Hands              Tmut           2%         N/A       98%         5
 Yara's Violent Unravell  Hex/Tmut       2%         3d3       98%         5
 Enfeeble                 Hex            2%         N/A       100%        7
 Lehudib's Crystal Spear  Conj/Erth      7%         10d3      100%        8


Dungeon Overview and Level Annotations

Branches:
Dungeon (2/15)

Altars:


Innate Abilities, Weirdness & Mutations

You are a tree.
Your roots penetrate the ground, keeping you stationary.
You cannot be teleported.
You are immune to unholy pain and torment.
Your maximum health is greatly increased.
Your equipment is partially melded.
You regenerate magic rapidly.


Message History

The gnoll shouts!
The gnoll hits you with a +0 club.
* * * LOW HITPOINT WARNING * * *
It was a potion of haste.
You feel yourself speed up. The gnoll hits you with a +0 club.
* * * LOW HITPOINT WARNING * * *
It was a potion of attraction.
You feel attractive to monsters. The gnoll hits you but does no damage.
It was a potion of lignification.
You turn into a tree.
Your +1 pair of boots melds into your body.
Your +0 leather armour melds into your body.
Your roots penetrate the ground.
The gnoll hits you but does no damage.
You hit the gnoll.
The gnoll is moderately wounded.
You closely miss the gnoll.
The gnoll is moderately wounded.
The gnoll hits you but does no damage.
You barely miss the gnoll.
The gnoll is moderately wounded.
The gnoll hits you but does no damage.
Aiming: Magic Dart (safe; 3% risk of failure)
Press: ? - help, Q - select action, (/) - cycle Shift-Dir - straight line, f/p - gnoll
Aim: a gnoll, wielding a +0 whip (moderately wounded, 100% to hit)
You feel a surge of power!
The magic dart hits the gnoll.
The gnoll is moderately wounded.
Unknown command.
Aiming: Magic Dart (safe; 3% risk of failure)
Press: ? - help, Q - select action, (/) - cycle Shift-Dir - straight line, f - gnoll, p - gnoll
Aim: a gnoll, wielding a +0 club (moderately wounded, 100% to hit)
You feel a surge of power!
The magic dart hits the gnoll.
The gnoll is severely wounded.
The gnoll hits you but does no damage.
Aiming: Magic Dart (safe; 3% risk of failure)
Press: ? - help, Q - select action, (/) - cycle Shift-Dir - straight line, f/p - gnoll
Aim: a gnoll, wielding a +0 club (severely wounded, 100% to hit)
You feel a surge of power!
The magic dart hits the gnoll.
The gnoll is almost dead.
The gnoll hits you with a +0 club.
You die...

.......,,,,......#...........#**
.##.###**,*,.....##............*
....# *,*,,.........###.#..#.#
##..# *,***#.#..........#..#.#
....# *,* #.#.##..####.#,,*,*
.#..# *,* #...##..####.#,,*,*
.#,,* *,* #..gg...g.g....,*,*
.#,,* *,* #.#g##.........,*,*
.#.,*****,* *,#♣##.#####.#.,*,*
...,,,,,,,****,#.##.#*,,,,..,*,*
...,,,,,,,,,**,#..#.#*,,,,,,,*,**
...,****,*****,##.#.#*,,,,,,,,,,,
...,,,,,,,,,,,,**.#.#*,,,,,*,*,,*
...,****,********.#.#*,,,,,*,*,,*
...,*,**,,* *...#*,,,,,*,*,,*
...,,,,,,,* *##..*,,,,,*,*,,*
..#,*,**,,* #..,,,,,,,,,,,*


You could see 3 gnolls.

Vanquished Creatures
  Natasha (thrice) (D:2)
  2 gnolls
  2 worms (D:2)
  4 ball pythons
  An endoplasm (D:1)
  2 giant cockroaches (D:1)
  5 hobgoblins
  A quokka (D:1)
  5 bats
  2 frilled lizards (D:2)
  7 goblins
  3 kobolds
  3 rats
40 creatures vanquished.

Notes
Turn   | Place    | Note
-------+----------+-------------------------------------------
     0 | D:1      | IdlyInterested the Demonspawn Wanderer began the quest for
                  | the Orb.
     0 | D:1      | IdlyInterested set off with the following items: a +0 club,
                  | a potion of heal wounds, a +0 robe, a +0 pair of boots; and
                  | the following spells available to memorise: Magic Dart,
                  | Shock, Swiftness, Dazzling Flash, Flame Wave.
     0 | D:1      | Reached XP level 1. HP: 15/15 MP: 3/3
    34 | D:1      | Learned a level 1 spell: Magic Dart
   559 | D:1      | Gained mutation: You regenerate magic rapidly. [demonic
                  | ancestry]
   559 | D:1      | Reached XP level 2. HP: 21/21 MP: 0/5
  1016 | D:2      | Reached XP level 3. HP: 27/27 MP: 4/6
  1611 | D:2      | Noticed Natasha
  1637 | D:2      | Killed Natasha
  1824 | D:2      | Noticed Natasha
  1828 | D:2      | Killed Natasha
  1829 | D:2      | Reached XP level 4. HP: 28/33 MP: 3/8
  1836 | D:2      | Noticed Natasha
  1839 | D:2      | Killed Natasha
  1840 | D:2      | Reached skill level 1 in Armour
  2186 | D:2      | Slain by a gnoll

Illustrated notes

Levels and vault maps discovered:
D:1:      matt_arrival_diagonals, layout_basic
D:2:      layout_basic, uniq_terence, uniq_natasha, uniq_crazy_yiuf_cottage

Skill      XL: |  1  2  3  4 |
---------------+-------------+-----
Stealth        | 2 |  2.0
Conjurations   | 3 |  3.4
Fighting       | 2 |  2.2
Armour         | 1 |  1.0
Spellcasting   | 3 |  3.1
Throwing       | |  0.2
Dodging        | |  1.0
Air Magic      | |  1.7

Action                   |  1- 3 |  4- 6 || total
-------------------------+-------+-------++-------
Melee: Club              |    11 |       ||    11
       Short sword       |   102 |    28 ||   130
 Cast: Magic Dart        |    42 |    25 ||    67
  Use: Potion            |     4 |     5 ||     9
       Scroll            |     7 |       ||     7
 Stab: Sleeping          |       |     2 ||     2
Armor: Leather armour    |    35 |     6 ||    41
       Skin              |       |     4 ||     4
Dodge: Dodged            |    56 |     9 ||    65

Table legend: (Time is in decaauts)
 A = Elapsed time spent in this place.
 B = Non-inter-level travel time spent in this place.
 C = Inter-level travel time spent in this place.
 D = Time resting spent in this place.
 E = Time spent auto-exploring this place.
 F = Levels seen in this place.
 G = Mean time per level.
                   A        B        C        D        E       F      G
               +--------+--------+--------+--------+--------+-----+--------+
         Total |   2195 |   2046 |    149 |   1013 |    484 |   2 | 1097.5 |
       Dungeon |   2195 |   2046 |    149 |   1013 |    484 |   2 | 1097.5 |
               +--------+--------+--------+--------+--------+-----+--------+

Top non-repeatable levels by time:
     D:1: 1115 daAuts
     D:2: 1080 daAuts
